 Dungeon Crawl Stone Soup version 0.32-a0-128-g77eb882913 (webtiles) character file.

Game seed: 8998542887512121348

67 whatisthis the Grasshopper (level 4, 0/38 HPs)
             Began as a Gnoll Warper on Feb 8, 2024.
             Slain by a gnoll
             ... wielding a +0 club
              (2 damage)
             ... on level 2 of the Dungeon.
             The game lasted 00:03:44 (1872 turns).

whatisthis the Grasshopper (Gnoll Warper)           Turns: 1872, Time: 00:03:45

Health: 0/38       AC:  3    Str: 12    XL:     4   Next: 16%
Magic:  11/11      EV: 13    Int: 12    God:
Gold:   115        SH:  0    Dex: 12    Spells: 9/13 levels left

rFire   . . .        a - +0 mace
rCold   . . .        (no shield)
rNeg    . . .        b - +0 leather armour
rPois   .            (no helmet)
rElec   .            (no cloak)
rCorr   .            (no gloves)
SInv    .            (no boots)
Will    .....        (no amulet)
Stlth   +            (no ring)
HPRegen 0.26/turn    (no ring)
MPRegen 0.12/turn

%: no passive effects
@: no status effects
A: fangs 1, strong nose, distributed training
a: no special abilities


You were on level 2 of the Dungeon.
You visited 1 branch of the dungeon, and saw 3 of its levels.

You collected 115 gold pieces.

Inventory:

Hand Weapons
 a - a +0 mace (weapon)
 e - a +0 sling
Missiles
 d - 7 darts of dispersal
 g - 3 poisoned darts (quivered)
 h - 6 atropa-tipped darts
Armour
 b - a +0 leather armour (worn)
Scrolls
 c - a scroll of blinking
 i - 3 scrolls of teleportation {unknown}
 j - 6 scrolls of identify {unknown}
 k - a scroll of enchant weapon {unknown}
 m - a scroll of fog {unknown}
 o - a scroll of enchant armour {unknown}
 p - a scroll of brand weapon {unknown}
 r - a scroll of revelation {unknown}
Potions
 f - a potion of haste {unknown}
 l - 2 potions of might {unknown}
 n - a potion of heal wounds {unknown}
 q - a potion of attraction {unknown}
 s - a potion of cancellation {unknown}


   Skills:
 + Level 4.6 Fighting
 + Level 1.1 Short Blades
 + Level 1.1 Long Blades
 + Level 1.1 Axes
 + Level 4.6 Maces & Flails
 + Level 1.1 Polearms
 + Level 1.1 Staves
 + Level 1.1 Ranged Weapons
 + Level 2.7 Throwing
 + Level 2.7 Armour
 + Level 4.6 Dodging
 + Level 1.1 Stealth
 + Level 1.1 Shields
 + Level 1.1 Unarmed Combat
 + Level 5.0 Spellcasting
 + Level 0.8 Conjurations
 + Level 0.8 Hexes
 + Level 0.8 Summonings
 + Level 0.8 Necromancy
 + Level 5.4 Translocations
 + Level 0.8 Fire Magic
 + Level 0.8 Ice Magic
 + Level 0.8 Air Magic
 + Level 0.8 Earth Magic
 + Level 0.8 Alchemy
 + Level 1.2 Invocations
 + Level 1.1 Evocations
 + Level 1.0 Shapeshifting


You had 9 spell levels left.
You knew the following spells:

 Your Spells              Type           Power      Damage    Failure   Level
a - Blink                 Tloc           32%        N/A       4%          2
b - Lesser Beckoning      Tloc           32%        N/A       4%          2

Your spell library contained the following spells:

 Spells                   Type           Power      Damage    Failure   Level
 Teleport Other           Tloc           16%        N/A       8%          3
 Necrotise                Necr           20%        1d5       19%         1
 Manifold Assault         Tloc           16%        N/A       26%         4
 Vampiric Draining        Necr           5%         2d6       47%         3
 Vhi's Electric Charge    Tloc/Air       20%        N/A       56%         4
 Martyr's Knell           Necr/Summ      5%         N/A       87%         4
 Curse of Agony           Necr           5%         N/A       99%         5


Dungeon Overview and Level Annotations

Branches:
Dungeon (3/15)

Altars:
Sif Muna

Shops:
D:1 !*((?

Annotations:
D:2 1 runed translucent door, Crazy Yiuf, Sigmund


Innate Abilities, Weirdness & Mutations

You have very sharp teeth.
Your uncanny sense of smell can sniff out nearby items.
Your experience applies equally to all skills.


Message History

The gnoll attacks as it pursues you!
The gnoll hits you from afar with a +0 spear!
The gnoll attacks as it pursues you! The gnoll closely misses you.
The gnoll attacks as it pursues you!
The gnoll hits you from afar with a +0 spear.
There is an open door here.
The gnoll attacks as it pursues you! The gnoll closely misses you.
The gnoll attacks as it pursues you! The gnoll barely misses you.
The gnoll attacks as it pursues you! The gnoll hits you but does no damage.
An endoplasm comes into view.
The gnoll attacks as it pursues you! The gnoll closely misses you.
The endoplasm quivers.
There is a stone staircase leading up here.
The endoplasm freezes you.
You are frozen.
The gnoll hits you with a +0 club!
You climb upwards.
Level annotation: 1 runed translucent door, Crazy Yiuf, Sigmund
There is a stone staircase leading down here.
You hit the endoplasm. You punch the endoplasm.
You kill the endoplasm!
The gnoll closely misses you. The gnoll attacks as it pursues you!
The gnoll closely misses you.
You hit the gnoll but do no damage. The gnoll hits you with a +0 club.
You hit the gnoll.
The gnoll is heavily wounded.
The gnoll hits you with a +0 club.
You hit the gnoll.
The gnoll is severely wounded.
The gnoll hits you with a +0 club!
* * * LOW HITPOINT WARNING * * *
You hit the gnoll.
The gnoll is almost dead.
The gnoll hits you with a +0 club.
* * * LOW HITPOINT WARNING * * *
The gnoll hits you with a +0 club!
* * * LOW HITPOINT WARNING * * *
You barely miss the gnoll.
The gnoll is almost dead.
The gnoll hits you with a +0 club.
You die...

#.# ##.#
########.#
#.###..## #.#
#.#.....#
##########.#
#.......#
#..........#
####.._..#
#.##########
#........# #.#
#.##.....# #.# #
##...#########.#
#.#####...>g@.#
#....)..#######
#########


You could see a gnoll.

Vanquished Creatures
  2 adders (D:2)
  2 dart slugs
  2 ribbon worms (D:2)
  3 ball pythons
  2 bats
  6 endoplasms
  2 giant cockroaches (D:1)
  4 goblins
  A hobgoblin (D:1)
  4 kobolds
  4 quokkas (D:1)
  2 frilled lizards
  3 rats
37 creatures vanquished.

Notes
Turn   | Place    | Note
-------+----------+-------------------------------------------
     0 | D:1      | whatisthis the Gnoll Warper began the quest for the Orb.
     0 | D:1      | Reached XP level 1. HP: 20/20 MP: 6/6
   121 | D:1      | Reached XP level 2. HP: 26/26 MP: 7/7
   134 | D:1      | Found Ydwawije's Distillery.
   178 | D:1      | Found Lalylol's General Store.
   308 | D:1      | Found Ujygiew's Antique Weapon Shoppe.
   647 | D:1      | Learned a level 2 spell: Blink
   650 | D:1      | Learned a level 2 spell: Lesser Beckoning
   654 | D:1      | Found Oqyronar's Magic Scroll Shoppe.
   797 | D:1      | Found Piokuocu's Weapon Boutique.
   797 | D:1      | Found a faded altar of an unknown god.
   899 | D:1      | Reached skill level 5 in Spellcasting
   899 | D:1      | Reached XP level 3. HP: 22/31 MP: 7/9
  1146 | D:2      | Found a shimmering blue altar of Sif Muna.
  1174 | D:2      | Reached skill level 1 in Invocations
  1188 | D:2      | Reached skill level 1 in Short Blades
  1188 | D:2      | Reached skill level 1 in Long Blades
  1188 | D:2      | Reached skill level 1 in Axes
  1188 | D:2      | Reached skill level 1 in Polearms
  1188 | D:2      | Reached skill level 1 in Staves
  1188 | D:2      | Reached skill level 1 in Ranged Weapons
  1188 | D:2      | Reached skill level 1 in Stealth
  1188 | D:2      | Reached skill level 1 in Shields
  1188 | D:2      | Reached skill level 1 in Unarmed Combat
  1188 | D:2      | Reached skill level 1 in Evocations
  1310 | D:2      | Reached skill level 1 in Shapeshifting
  1310 | D:2      | Reached XP level 4. HP: 26/38 MP: 11/11
  1669 | D:2      | Noticed Sigmund
  1746 | D:2      | Found a runed translucent door.
  1747 | D:2      | Noticed Crazy Yiuf
  1871 | D:2      | HP: 1/38 [gnoll/+0 club (8)]
  1872 | D:2      | Slain by a gnoll

Illustrated notes

Levels and vault maps discovered:
D:1:      minmay_arrival_split_and_join, layout_basic, serial_shops,
          nicolae_diamond_shop, shop, shop, nicolae_shop_tiny_statue_garden,
          nicolae_shop_peninsula, ebering_ecumenical_altar_rust,
          minmay_pentomino_o2
D:2:      layout_loops_ring, basic_altar, uniq_sigmund, uniq_crazy_yiuf_cottage
D:3:      layout_rooms, minmay_quadrilaterals

Skill      XL: |  1  2  3 |
---------------+----------+-----
Spellcasting   | 5 |  5.0
Invocations    | 1 |  1.2
Short Blades   | 1 |  1.1
Long Blades    | 1 |  1.1
Axes           | 1 |  1.1
Polearms       | 1 |  1.1
Staves         | 1 |  1.1
Ranged Weapons | 1 |  1.1
Stealth        | 1 |  1.1
Shields        | 1 |  1.1
Unarmed Combat | 1 |  1.1
Evocations     | 1 |  1.1
Shapeshifting  | 1 |  1.0
Fighting       | |  4.6
Maces & Flails | |  4.6
Throwing       | |  2.7
Armour         | |  2.7
Dodging        | |  4.6
Conjurations   | |  0.8
Hexes          | |  0.8
Summonings     | |  0.8
Necromancy     | |  0.8
Translocations | |  5.4
Fire Magic     | |  0.8
Ice Magic      | |  0.8
Air Magic      | |  0.8
Earth Magic    | |  0.8
Alchemy        | |  0.8

Action                     |  1- 3 |  4- 6 || total
---------------------------+-------+-------++-------
  Melee: Mace              |    85 |    28 ||   113
         Punch             |     6 |     1 ||     7
         Bite              |    10 |     4 ||    14
  Throw: Dart              |     4 |       ||     4
   Stab: Invisible         |     1 |       ||     1
 Armour: Leather armour    |    38 |    21 ||    59
  Dodge: Dodged            |    43 |    24 ||    67

Table legend: (Time is in decaauts)
 A = Elapsed time spent in this place.
 B = Non-inter-level travel time spent in this place.
 C = Inter-level travel time spent in this place.
 D = Time resting spent in this place.
 E = Time spent auto-exploring this place.
 F = Levels seen in this place.
 G = Mean time per level.
                   A        B        C        D        E       F      G
               +--------+--------+--------+--------+--------+-----+--------+
         Total |   1891 |   1846 |     45 |     99 |   1242 |   3 |  630.3 |
       Dungeon |   1891 |   1846 |     45 |     99 |   1242 |   3 |  630.3 |
               +--------+--------+--------+--------+--------+-----+--------+

Top non-repeatable levels by time:
     D:1: 1080 daAuts
     D:2: 722 daAuts
     D:3: 88 daAuts
